 Dungeon Sprint DCSS version 0.17-a0-1976-g482a304 (webtiles) character file.

1078 Adamkad1 the Unseen (level 8, 0/36 HPs)
             Began as a Spriggan Enchanter on Oct 5, 2015.
             Was a Follower of Dithmenos.
             Slain by a demonic crawler (11 damage)
             ... in the Dungeon (Sprint I: "Red Sonja").
             The game lasted 00:05:40 (1042 turns).

Adamkad1 the Unseen (Spriggan Enchanter)            Turns: 1042, Time: 00:05:40

Health: 0/36       AC:  3    Str:  4    XL:     8   Next: 8%
Magic:  1/22       EV: 24    Int: 18    God:    Dithmenos [*.....]
Gold:   416        SH:  0    Dex: 22    Spells: 5 memorised, 14 levels left

rFire  . . .     SeeInvis +     a - +1 dagger
rCold  . . .     Clarity  .     b - +1 robe
rNeg   . . .     SustAt   .     (shield restricted)
rPois  .         Gourm    .     (helmet restricted)
rElec  .         Spirit   .     (no cloak)
rCorr  .         Warding  .     (gloves unavailable)
rMut   .         NoTele   +     (boots unavailable)
MR     +....                    (no amulet)
Stlth  ++++++++++               (no ring)
                                (no ring)

@: agile, hasted, wreathed by umbra, very quick, somewhat resistant to hostile
enchantments, uncannily stealthy
A: unfitting armour, see invisible, herbivore 3, speed 3, slow metabolism 2
a: Renounce Religion


You were in the Dungeon.
You worshipped Dithmenos.
Dithmenos was aware of your devotion.
You were not hungry.

You visited 1 branch You collected 416 gold pieces.

Inventory:

Hand Weapons
 a - a +1 dagger (weapon)
Armour
 b - a +1 robe (worn)
Wands
 k - a wand of confusion (36)
Scrolls
 j - a scroll of blinking
Potions
 e - a potion of curing
 f - a potion of heal wounds
 h - 2 potions of magic
 i - a potion of berserk rage
Books
 c - a book of Maledictions

   Spells                             Type                      Level
   a - Corona                         Hexes                        1
   b - Ensorcelled Hibernation        Hexes/Ice                    2
   c - Confuse                        Hexes                        3
   d - Tukima's Dance                 Hexes                        3
   e - Dazzling Spray                 Conjuration/Hexes            3
Comestibles
 d - a bread ration


   Skills:
 + Level 0.2 Fighting
 - Level 1.1 Short Blades
 - Level 3.0 Dodging
 * Level 17.1 Stealth
 * Level 9.5 Spellcasting
 * Level 13.2 Hexes


You had 14 spell levels left.
You knew the following spells:

 Your Spells              Type           Power        Failure   Level  Hunger
a - Corona                Hex            ######.      1%          1    None
b - Ensorcelled Hibernat  Hex/Ice        ####..       1%          2    None
c - Confuse               Hex            ######..     1%          3    None
d - Tukima's Dance        Hex            ######..     1%          3    None
e - Dazzling Spray        Conj/Hex       ####....     1%          3    None


Dungeon Overview and Level Annotations

Branches:
Dungeon (1/1)

Altars:
Cheibriados
Dithmenos
Elyvilon
Fedhas
Gozag
Kikubaaqudgha
Makhleb
Nemelex Xobeh
Okawaru
Qazlal
Ru
Sif Muna
Trog
Vehumet
Xom
Yredelemnul
Zin
The Shining One
Jiyva

Shops:
D ?


Innate Abilities, Weirdness & Mutations

You are tiny and cannot use many weapons and most armour.
You have supernaturally acute eyesight.
You are a herbivore.
You cover ground extremely quickly.
You need consume almost no food.


Message History

Aiming: Confuse
Press: ? - help, Shift-Dir - straight line, f/p - demonic crawler
Aim: a demonic crawler (clinging, chance to defeat MR: 12%)
The demonic crawler resists with almost no effort.
Casting: Confuse
Confirm with . or Enter, or press ? or * to list all spells.
You don't have enough magic to cast that spell.
Unknown command.
There is an open door here.
Things that are here:
a dagger; a ring mail Drink which item? (? for menu, Esc to quit)
It was a potion of agility.
You feel agile all of a sudden.
The demonic crawler completely misses you.
The demonic crawler misses you.
The demonic crawler completely misses you.
Drink which item? (? for menu, Esc to quit)
You feel yourself speed up. The demonic crawler hits you!
You die...

######################
#<.#.@ss.#.)'..#__#.s'
#..)..#.s'..#..'^.)..#
#..#####'#####'#__####
#..####..#...#.#### #
#..#__####..##.#
#..#_..__##'#..+
#⌠⌠#_.∩...'..._#
####_..._##_.#+#
#_____###+#


You could see 3 demonic crawlers.

Vanquished Creatures
  2 kobold demonologists (D)
  Sigmund (D)
  A slime creature (D)
  A yak (D)
  An ogre (D)
  A jelly (D)
  Ijyb (D)
8 creatures vanquished.

Notes
Turn   | Place    | Note
--------------------------------------------------------------
     0 | D        | Adamkad1 the Spriggan Enchanter began the quest for the Orb.
     0 | D        | Reached XP level 1. HP: 9/9 MP: 5/5
     2 | D        | Noticed Ijyb
    47 | D        | Killed Ijyb
    47 | D        | Reached skill level 7 in Stealth
    47 | D        | Reached skill level 5 in Hexes
    47 | D        | Reached XP level 2. HP: 4/13 MP: 6/8
   270 | D        | Noticed an ogre
   292 | D        | Killed an ogre
   292 | D        | Reached skill level 9 in Stealth
   292 | D        | Reached skill level 5 in Spellcasting
   292 | D        | Reached XP level 3. HP: 6/16 MP: 9/11
   292 | D        | Reached XP level 4. HP: 7/21 MP: 9/12
   497 | D        | Learned a level 2 spell: Ensorcelled Hibernation
   501 | D        | Learned a level 3 spell: Confuse
   505 | D        | Learned a level 3 spell: Tukima's Dance
   509 | D        | Learned a level 3 spell: Dazzling Spray
   623 | D        | Noticed Sigmund
   626 | D        | Killed Sigmund
   626 | D        | Reached skill level 12 in Stealth
   626 | D        | Reached skill level 10 in Hexes
   626 | D        | Reached XP level 5. HP: 24/24 MP: 13/15
   641 | D        | Found a snail-covered altar of Cheibriados.
   641 | D        | Found a viscous altar of Jiyva.
   641 | D        | Found a shadowy altar of Dithmenos.
   641 | D        | Found a blossoming altar of Fedhas.
   641 | D        | Noticed a slime creature
   644 | D        | Killed a slime creature
   644 | D        | Reached skill level 14 in Stealth
   644 | D        | Reached XP level 6. HP: 28/28 MP: 15/17
   651 | D        | Became a worshipper of Dithmenos the Shadowed
   656 | D        | Found a deep blue altar of Sif Muna.
   656 | D        | Noticed a jelly
   658 | D        | Found a radiant altar of Vehumet.
   662 | D        | Killed a jelly
   676 | D        | Found Jahoiq's Magic Scroll Emporium.
   676 | D        | Found a white marble altar of Elyvilon.
   676 | D        | Found a stormy altar of Qazlal.
   676 | D        | Found a burning altar of Makhleb.
   676 | D        | Found a sacrificial altar of Ru.
   676 | D        | Found a basalt altar of Yredelemnul.
   676 | D        | Found a glowing golden altar of the Shining One.
   676 | D        | Found a sparkling altar of Nemelex Xobeh.
   676 | D        | Found a shimmering altar of Xom.
   676 | D        | Found an opulent altar of Gozag.
   676 | D        | Found an ancient bone altar of Kikubaaqudgha.
   676 | D        | Found a glowing silver altar of Zin.
   676 | D        | Noticed a yak
   677 | D        | Found an iron altar of Okawaru.
   678 | D        | Killed a yak
   678 | D        | Reached skill level 15 in Stealth
   678 | D        | Reached XP level 7. HP: 32/32 MP: 17/19
   679 | D        | Found a bloodstained altar of Trog.
   828 | D        | Noticed a kobold demonologist
   829 | D        | Noticed a kobold demonologist
   832 | D        | Killed a kobold demonologist
   832 | D        | Reached skill level 16 in Stealth
   834 | D        | Noticed a hellwing
   999 | D        | Killed a kobold demonologist
   999 | D        | Reached skill level 17 in Stealth
   999 | D        | Reached XP level 8. HP: 36/36 MP: 16/22
  1003 | D        | Noticed a demonic crawler
  1003 | D        | Noticed a demonic crawler
  1003 | D        | Noticed a demonic crawler
  1003 | D        | Noticed a demonic crawler
  1042 | D        | Slain by a demonic crawler

Vault maps used:
D:        dungeon_sprint_1

Action                   |  1- 3 |  4- 6 |  7- 9 || total
-------------------------+-------+-------+-------++-------
Melee: Dagger            |    49 |     4 |     2 ||    55
 Cast: Corona            |     1 |       |       ||     1
       Confuse           |       |       |    12 ||    12
       Ensorcelled Hiber |       |       |     2 ||     2
  Use: Potion            |       |       |     2 ||     2
 Stab: Sleeping          |     2 |     4 |     2 ||     8
